Oilers vs Lightning

Created - December 14, 2015 at 17:43

Goals
1 2 3 OT1 SO T
Oilers 1 0 2 0 2 4
Lightning 2 1 0 0 1 3
Shots
1 2 3 OT1 SO T
Oilers 9 7 11 3 4 30
Lightning 7 5 2 2 4 16

1st period

1. Oilers , Aleksander Barkov 6 (Drew Miller, Jay Beagle) at 7:42
2. Lightning , Radim Vrbata 12 (Erik Gudbranson, Jaroslav Halak) at 12:08
3. Lightning , Hampus Lindholm 4 (John Gaudreau, Kyle Okposo) at 13:34 (PP)

Penalties :
Bo Horvat (EDM) for Hooking (Minor) at 2:55, Kyle Quincey (EDM) for Elbowing (Minor) at 12:24

2nd period

4. Lightning , Radim Vrbata 13 (Henrik Sedin, Patric Hornqvist) at 6:35 (PP)

Penalties :
Jay Beagle (EDM) for Roughing (Double Minor) at 3:02, Brian Campbell (EDM) for High sticking (Minor) at 8:49, Jason Chimera (TBL) for Hooking (Minor) at 19:10

3rd period

5. Oilers , Gabriel Landeskog 14 (Mikkel Boedker, Ryan Kesler) at 11:17
6. Oilers , Marco Scandella 8 (Brad Stuart, Gabriel Landeskog) at 14:40 (PP)

Penalties :
David Schlemko (TBL) for Holding (Minor) at 1:32, Andrej Meszaros (TBL) for Hooking (Minor) at 7:03, David Schlemko (TBL) for Diving (Minor) at 14:12, Andrej Sekera (TBL) for High sticking (Double Minor) at 15:23

Overtime #1

No Goal

Penalties :
No Penalty

Shootout

Penalty Shot by Ryan Kesler for Oilers - Stopped by Jaroslav Halak
Penalty Shot by Patric Hornqvist for Lightning - Stopped by Cam Ward
Penalty Shot by Gabriel Landeskog for Oilers - Goal!
Penalty Shot by Henrik Sedin for Lightning - Goal!
Penalty Shot by Tyler Bozak for Oilers - Stopped by Jaroslav Halak
Penalty Shot by John Gaudreau for Lightning - Stopped by Cam Ward
Penalty Shot by Mikkel Boedker for Oilers - Goal!
Penalty Shot by Tobias Rieder for Lightning - Stopped by Cam Ward

Penalties :
No Penalty

Goalie Stats

Cam Ward (EDM), 13 saves from 16 shots - (0.813), W, 5-10-3, 65:00 minutes
Jaroslav Halak (TBL), 27 saves from 30 shots - (0.900), OTL, 13-13-5, 65:00 minutes

Players Stats for Oilers

Player Name              G  A  P  +/- PIM S  H  SB GA TA FO     MP     PP MP  PK MP  
------------------------------------------------------------------------------------
Aleksander Barkov        1  0  1   1  0   4  0  0  0  0  6/11   13:24   1:14   0:46 
Bo Horvat                0  0  0   0  2   1  1  0  0  0  5/8     7:09   0:00   0:00 
Brad Stuart              0  1  1   0  0   2  2  0  0  0  0/0    26:52   4:26   3:36 
Brian Campbell           0  0  0   1  2   0  0  4  0  0  0/0    22:42   5:25   3:24 
Drew Miller              0  1  1   1  0   1  1  0  0  0  0/0    13:50   0:00   3:09 
Emerson Etem             0  0  0   0  0   1  1  0  0  0  0/0     8:59   0:33   1:16 
Gabriel Landeskog        1  1  2   0  0   4  4  0  0  0  3/4    21:26   4:34   0:26 
Jay Beagle               0  1  1   1  4   2  2  0  0  0  0/0    12:40   0:00   0:30 
Jeff Schultz             0  0  0   0  0   1  0  1  0  0  0/0    15:52   0:33   2:08 
Justin Williams          0  0  0   0  0   1  1  0  0  0  0/0    17:27   4:42   3:20 
Kyle Quincey             0  0  0   0  2   0  0  2  0  0  0/0    15:51   0:33   2:08 
Landon Ferraro           0  0  0   0  0   0  0  0  0  0  0/0     7:35   0:25   0:00 
Marc-Edouard Vlasic      0  0  0   1  0   2  0  0  0  0  0/0    25:16   5:25   4:43 
Marco Scandella          1  0  1   0  0   4  2  0  0  0  0/0    23:25   4:26   1:23 
Mikkel Boedker           0  1  1   0  0   2  0  0  0  0  0/2    18:15   4:36   0:00 
Ryan Kesler              0  1  1   0  0   1  1  0  0  0  15/23  24:20   4:34   3:20 
Scottie Upshall          0  0  0   0  0   1  2  0  0  0  0/0    15:25   5:17   0:00 
Tyler Bozak              0  0  0   0  0   3  1  0  0  0  15/20  20:47   5:17   4:35 

Players Stats for Lightning

Player Name              G  A  P  +/- PIM S  H  SB GA TA FO     MP     PP MP  PK MP  
------------------------------------------------------------------------------------
Andrej Meszaros          0  0  0   1  2   0  1  0  0  0  0/0    21:43   3:27   4:29 
Andrej Sekera            0  0  0  -2  4   1  2  1  0  0  0/0    25:13   4:21   4:00 
Brad Hunt                0  0  0   0  0   0  1  2  0  0  0/0    16:42   0:53   2:32 
David Schlemko           0  0  0   0  4   1  3  0  0  0  0/0    17:00   0:53   0:34 
Eric Fehr                0  0  0   0  0   0  1  0  0  0  0/1    13:15   0:00   3:16 
Erik Gudbranson          0  1  1   1  0   0  1  1  0  0  0/0    24:35   3:27   4:41 
Hampus Lindholm          1  0  1  -2  0   2  2  1  0  0  0/0    24:43   4:21   4:32 
Henrik Sedin             0  1  1  -1  0   0  0  0  0  0  14/25  24:59   4:26   6:28 
Jason Chimera            0  0  0   0  2   1  1  1  0  0  0/0     6:55   0:50   0:00 
John Gaudreau            0  1  1   0  0   2  0  0  0  0  3/5    19:52   3:25   0:00 
Kyle Okposo              0  1  1   0  0   2  0  0  0  0  0/0    19:43   3:25   0:00 
Maxime Talbot            0  0  0   0  0   0  1  0  0  0  1/7     9:06   0:50   0:40 
Nick Spaling             0  0  0   0  0   0  0  0  0  0  3/12    9:22   0:00   3:16 
Patric Hornqvist         0  1  1  -1  0   4  3  0  0  0  0/0    17:30   4:26   0:00 
Radim Vrbata             2  0  2  -1  0   3  1  0  0  0  1/2    17:30   4:26   0:00 
Teddy Purcell            0  0  0   0  0   0  0  0  0  0  0/0     6:46   0:00   0:40 
Tobias Rieder            0  0  0   0  0   0  2  1  0  0  2/16   19:43   3:25   0:00 
Troy Brouwer             0  0  0   0  0   0  1  1  0  0  0/0    14:54   0:50   6:28 

3 Stars

1 - Gabriel Landeskog (EDM)
2 - Radim Vrbata (TBL)
3 - Marco Scandella (EDM)

Power Play

Oilers - 1 on 6 Attempt(s) - 16.67%
Lightning - 2 on 5 Attempt(s) - 40.00%

Penalty Kill

Oilers - 3 on 5 Attempt(s) - 60.00% - Score 0 goal in Penalty Kill
Lightning - 5 on 6 Attempt(s) - 83.33% - Score 0 goal in Penalty Kill

Team Stat

Oilers - Hits : 18 - Faceoff Wins : 44 - Blocked Shots : 7 - Penalty Minutes : 10
Lightning - Hits : 20 - Faceoff Wins : 24 - Blocked Shots : 8 - Penalty Minutes : 12

Official

Referees : Wes McCauley and Kevin Pollock
Linesman : John Grandt and Jean Morin

Game Notes

No Game Note

Finance

Level 1 -- Attendance: 5742 (88.34%) -- Ticket Income $631,620
Level 2 -- Attendance: 3551 (71.02%) -- Ticket Income $337,345
Level 3 -- Attendance: 2199 (62.83%) -- Ticket Income $164,925
Level 4 -- Attendance: 2462 (76.84%) -- Ticket Income $110,790
Luxury Box -- Attendance: 449 (44.90%) -- Ticket Income $161,640
Game was played at the Amalie Arena.
Total Attendance: 14403 (75.00%)
Total Ticket Income: $1,406,320
Other Income: $210,948
Total Income: $1,617,268

% Time on Ice - Oilers

Lines # - Real PCT - Wanted PCT - Time Play
Normal Forward
1 - 33% - 40% - 13:39
2 - 23% - 30% - 9:25
3 - 26% - 20% - 10:41
4 - 18% - 10% - 7:10
Normal Defense
1 - 37% - 40% - 15:10
2 - 28% - 30% - 11:28
3 - 32% - 20% - 13:03
4 - 3% - 10% - 1:14
PP Forward
1 - 49% - 55% - 5:07
2 - 51% - 45% - 5:17
PP Defense
1 - 47% - 50% - 4:51
2 - 53% - 50% - 5:33
PK Forward
1 - 62% - 60% - 5:21
2 - 38% - 40% - 3:20
PK Defense
1 - 44% - 60% - 3:47
2 - 56% - 40% - 4:54
PK3 Forward
1 - 0% - 60%
2 - 0% - 40%
PK3 Defense
1 - 0% - 60%
2 - 0% - 40%
44 Forward
1 - 70% - 60% - 3:30
2 - 30% - 40% - 1:30
44 Defense
1 - 51% - 60% - 2:34
2 - 49% - 40% - 2:26
Last Minute Offensive  - 0:00
Last Minute Defensive  - 0:00
Total
Forward - 65:00
Defense - 65:00

% Time on Ice - Lightning

Lines # - Real PCT - Wanted PCT - Time Play
Normal Forward
1 - 32% - 40% - 13:04
2 - 35% - 30% - 14:09
3 - 19% - 20% - 7:36
4 - 15% - 10% - 6:06
Normal Defense
1 - 34% - 40% - 14:00
2 - 32% - 30% - 12:56
3 - 32% - 20% - 13:17
4 - 2% - 10% - 0:42
PP Forward
1 - 61% - 60% - 5:16
2 - 39% - 40% - 3:25
PP Defense
1 - 50% - 60% - 4:21
2 - 50% - 40% - 4:20
PK Forward
1 - 69% - 60% - 7:08
2 - 31% - 40% - 3:16
PK Defense
1 - 40% - 60% - 4:09
2 - 60% - 40% - 6:15
PK3 Forward
1 - 0% - 60%
2 - 0% - 40%
PK3 Defense
1 - 0% - 60%
2 - 0% - 40%
44 Forward
1 - 57% - 60% - 2:51
2 - 43% - 40% - 2:09
44 Defense
1 - 44% - 60% - 2:11
2 - 56% - 40% - 2:49
Last Minute Offensive  - 0:00
Last Minute Defensive  - 0:00
Total
Forward - 65:00
Defense - 65:00

Play by Play

1st period


0:01 of 1st period - Henrik Sedin wins face-off versus Ryan Kesler in neutral zone.
0:35 of 1st period - Gabriel Landeskog is hit by Hampus Lindholm and loses puck.
0:45 of 1st period - Brad Stuart is hit by Hampus Lindholm and loses puck.
0:56 of 1st period - Radim Vrbata is hit by Scottie Upshall and loses puck.
1:08 of 1st period - Brian Campbell is hit by Radim Vrbata and loses puck.
1:54 of 1st period - Jeff Schultz is hit by Tobias Rieder and loses puck.
2:17 of 1st period - Shot by Aleksander Barkov.
2:17 of 1st period - Stopped by Jaroslav Halak with a rebound.
2:55 of 1st period - Minor Penalty to Bo Horvat for Hooking.
2:56 of 1st period - Tyler Bozak wins face-off versus Henrik Sedin in Oilers zone.
3:25 of 1st period - Icing by Patric Hornqvist.
3:26 of 1st period - Henrik Sedin wins face-off versus Ryan Kesler in Lightning zone.
3:58 of 1st period - Shot by Kyle Okposo.
3:58 of 1st period - Shot Blocked by Kyle Quincey.
5:25 of 1st period - David Schlemko is hit by Bo Horvat and loses puck.
6:27 of 1st period - Gabriel Landeskog is hit by David Schlemko.
7:10 of 1st period - Shot by Kyle Okposo.
7:10 of 1st period - Stopped by Cam Ward without a rebound.
7:11 of 1st period - Aleksander Barkov wins face-off versus Tobias Rieder in Oilers zone.
7:18 of 1st period - Shot by Aleksander Barkov.
7:18 of 1st period - Shot Misses the Net.
7:20 of 1st period - Shot by Drew Miller.
7:20 of 1st period - Deflect By Jay Beagle.
7:20 of 1st period - Stopped by Jaroslav Halak without a rebound.
7:21 of 1st period - Henrik Sedin wins face-off versus Aleksander Barkov in Lightning zone.
7:38 of 1st period - Shot by Drew Miller.
7:38 of 1st period - Stopped by Jaroslav Halak with a rebound.
7:40 of 1st period - Shot by Drew Miller.
7:40 of 1st period - Shot Misses the Net.
7:42 of 1st period - Shot by Aleksander Barkov.
7:42 of 1st period - Goal by Aleksander Barkov - Oilers : 1 - Lightning : 0.
7:43 of 1st period - Gabriel Landeskog wins face-off versus Tobias Rieder in neutral zone.
8:06 of 1st period - Shot by Kyle Okposo.
8:06 of 1st period - Shot Misses the Net.
8:26 of 1st period - Shot by Kyle Okposo.
8:26 of 1st period - Shot Misses the Net.
8:54 of 1st period - Shot by Henrik Sedin.
8:54 of 1st period - Shot Misses the Net.
9:29 of 1st period - Off-side.
9:30 of 1st period - Nick Spaling wins face-off versus Aleksander Barkov in neutral zone.
9:52 of 1st period - Icing by Teddy Purcell.
9:53 of 1st period - Bo Horvat wins face-off versus Nick Spaling in Lightning zone.
10:10 of 1st period - Shot by Emerson Etem.
10:10 of 1st period - Stopped by Jaroslav Halak without a rebound.
10:11 of 1st period - John Gaudreau wins face-off versus Mikkel Boedker in Lightning zone.
10:11 of 1st period - John Gaudreau is hit by Ryan Kesler.
10:31 of 1st period - Shot by Gabriel Landeskog.
10:31 of 1st period - Shot Misses the Net.
10:33 of 1st period - Shot by Gabriel Landeskog.
10:33 of 1st period - Shot Misses the Net.
10:35 of 1st period - Shot by Brad Stuart.
10:35 of 1st period - Shot Misses the Net.
10:37 of 1st period - Shot by Marco Scandella.
10:37 of 1st period - Stopped by Jaroslav Halak without a rebound.
10:38 of 1st period - Tyler Bozak wins face-off versus Henrik Sedin in Lightning zone.
10:38 of 1st period - Tyler Bozak is hit by David Schlemko.
10:46 of 1st period - Shot by Tyler Bozak.
10:46 of 1st period - Shot Misses the Net.
10:48 of 1st period - Shot by Tyler Bozak.
10:48 of 1st period - Stopped by Jaroslav Halak without a rebound.
10:49 of 1st period - Aleksander Barkov wins face-off versus Nick Spaling in Lightning zone.
11:47 of 1st period - Icing by Brad Stuart.
11:48 of 1st period - Henrik Sedin wins face-off versus Aleksander Barkov in Oilers zone.
11:51 of 1st period - Shot by Patric Hornqvist.
11:51 of 1st period - Shot Hit the Post.
12:08 of 1st period - Shot by Radim Vrbata.
12:08 of 1st period - Goal by Radim Vrbata - Oilers : 1 - Lightning : 1.
12:09 of 1st period - Tobias Rieder wins face-off versus Ryan Kesler in neutral zone.
12:21 of 1st period - Shot by Tobias Rieder.
12:21 of 1st period - Shot Blocked by Jeff Schultz.
12:24 of 1st period - Minor Penalty to Kyle Quincey for Elbowing.
12:25 of 1st period - Henrik Sedin wins face-off versus Tyler Bozak in Oilers zone.
12:46 of 1st period - Shot by Andrej Meszaros.
12:46 of 1st period - Shot Misses the Net.
13:06 of 1st period - Shot by Patric Hornqvist.
13:06 of 1st period - Stopped by Cam Ward without a rebound.
13:07 of 1st period - Tyler Bozak wins face-off versus Tobias Rieder in Oilers zone.
13:18 of 1st period - Shot by John Gaudreau.
13:18 of 1st period - Shot Hit the Post.
13:34 of 1st period - Shot by Hampus Lindholm.
13:34 of 1st period - Goal by Hampus Lindholm - Oilers : 1 - Lightning : 2.
13:35 of 1st period - Ryan Kesler wins face-off versus Maxime Talbot in neutral zone.
13:52 of 1st period - Shot by Gabriel Landeskog.
13:52 of 1st period - Stopped by Jaroslav Halak without a rebound.
13:53 of 1st period - Tyler Bozak wins face-off versus Henrik Sedin in Lightning zone.
14:27 of 1st period - Shot by Radim Vrbata.
14:27 of 1st period - Stopped by Cam Ward without a rebound.
14:28 of 1st period - Ryan Kesler wins face-off versus Tobias Rieder in Oilers zone.
14:39 of 1st period - Shot by Ryan Kesler.
14:39 of 1st period - Stopped by Jaroslav Halak without a rebound.
14:40 of 1st period - Aleksander Barkov wins face-off versus Maxime Talbot in Lightning zone.
14:51 of 1st period - Kyle Quincey is hit by Maxime Talbot and loses puck.
15:14 of 1st period - Shot by Troy Brouwer.
15:14 of 1st period - Shot Blocked by Kyle Quincey.
15:16 of 1st period - Shot by Brad Hunt.
15:16 of 1st period - Shot Misses the Net.
15:18 of 1st period - Shot by David Schlemko.
15:18 of 1st period - Stopped by Cam Ward without a rebound.
15:19 of 1st period - Henrik Sedin wins face-off versus Ryan Kesler in Oilers zone.
15:32 of 1st period - Shot by Henrik Sedin.
15:32 of 1st period - Shot Misses the Net.
15:48 of 1st period - Shot by Patric Hornqvist.
15:48 of 1st period - Stopped by Cam Ward without a rebound.
15:49 of 1st period - Tyler Bozak wins face-off versus Tobias Rieder in Oilers zone.
16:10 of 1st period - Shot by Justin Williams.
16:10 of 1st period - Deflect By Tyler Bozak.
16:10 of 1st period - Shot Misses the Net.
16:56 of 1st period - Off-side.
16:57 of 1st period - Ryan Kesler wins face-off versus Nick Spaling in neutral zone.
18:55 of 1st period - Shot by Aleksander Barkov.
18:55 of 1st period - Shot Misses the Net.
19:03 of 1st period - Shot by Aleksander Barkov.
19:03 of 1st period - Shot Misses the Net.
Goals for this period are 1 for Oilers vs 2 for Lightning.
Shots for this period are 9 for Oilers vs 7 for Lightning.

2nd period


0:01 of 2nd period - Ryan Kesler wins face-off versus Tobias Rieder in neutral zone.
0:22 of 2nd period - Icing by Kyle Okposo.
0:23 of 2nd period - Tyler Bozak wins face-off versus Tobias Rieder in Lightning zone.
0:48 of 2nd period - Hampus Lindholm is hit by Scottie Upshall and loses puck.
1:07 of 2nd period - Patric Hornqvist is hit by Tyler Bozak and loses puck.
1:19 of 2nd period - Patric Hornqvist is hit by Marco Scandella and loses puck.
1:24 of 2nd period - Shot by Patric Hornqvist.
1:24 of 2nd period - Stopped by Cam Ward without a rebound.
1:25 of 2nd period - Aleksander Barkov wins face-off versus Maxime Talbot in Oilers zone.
1:25 of 2nd period - Drew Miller is hit by Troy Brouwer and loses puck.
1:57 of 2nd period - Shot by Jay Beagle.
1:57 of 2nd period - Stopped by Jaroslav Halak with a rebound.
2:03 of 2nd period - David Schlemko is hit by Jay Beagle and loses puck.
3:01 of 2nd period - Henrik Sedin is hit by Drew Miller and loses puck.
3:02 of 2nd period - Double Minor Penalty to Jay Beagle for Roughing.
3:03 of 2nd period - Ryan Kesler wins face-off versus Tobias Rieder in Oilers zone.
3:58 of 2nd period - Tobias Rieder is hit by Emerson Etem and loses puck.
4:52 of 2nd period - Shot by Radim Vrbata.
4:52 of 2nd period - Shot Misses the Net.
6:16 of 2nd period - Marco Scandella is hit by Patric Hornqvist and loses puck.
6:35 of 2nd period - Shot by Radim Vrbata.
6:35 of 2nd period - Goal by Radim Vrbata - Oilers : 1 - Lightning : 3.
6:36 of 2nd period - Ryan Kesler wins face-off versus Nick Spaling in neutral zone.
7:08 of 2nd period - Off-side.
7:09 of 2nd period - Bo Horvat wins face-off versus Tobias Rieder in neutral zone.
7:26 of 2nd period - Tobias Rieder is hit by Brad Stuart and loses puck.
7:33 of 2nd period - Shot by John Gaudreau.
7:33 of 2nd period - Stopped by Cam Ward without a rebound.
7:34 of 2nd period - Tyler Bozak wins face-off versus Radim Vrbata in Oilers zone.
7:55 of 2nd period - Shot by Justin Williams.
7:55 of 2nd period - Stopped by Jaroslav Halak without a rebound.
7:56 of 2nd period - Gabriel Landeskog wins face-off versus Tobias Rieder in Lightning zone.
8:09 of 2nd period - Shot by Ryan Kesler.
8:09 of 2nd period - Shot Misses the Net.
8:11 of 2nd period - Shot by Ryan Kesler.
8:11 of 2nd period - Shot Blocked by Tobias Rieder.
8:13 of 2nd period - Shot by Marco Scandella.
8:13 of 2nd period - Shot Blocked by Andrej Sekera.
8:27 of 2nd period - Shot by Ryan Kesler.
8:27 of 2nd period - Shot Blocked by Hampus Lindholm.
8:31 of 2nd period - Shot by Mikkel Boedker.
8:31 of 2nd period - Stopped by Jaroslav Halak without a rebound.
8:32 of 2nd period - Henrik Sedin wins face-off versus Tyler Bozak in Lightning zone.
8:32 of 2nd period - Henrik Sedin is hit by Justin Williams.
8:49 of 2nd period - Minor Penalty to Brian Campbell for High sticking.
8:50 of 2nd period - Tyler Bozak wins face-off versus Henrik Sedin in Oilers zone.
8:50 of 2nd period - Tyler Bozak is hit by Patric Hornqvist.
10:32 of 2nd period - Off-side.
10:33 of 2nd period - Henrik Sedin wins face-off versus Tyler Bozak in neutral zone.
10:52 of 2nd period - Shot by Patric Hornqvist.
10:52 of 2nd period - Shot Misses the Net.
11:01 of 2nd period - Emerson Etem is hit by Brad Hunt and loses puck.
11:04 of 2nd period - Shot by Bo Horvat.
11:04 of 2nd period - Shot Misses the Net.
11:29 of 2nd period - Shot by Eric Fehr.
11:29 of 2nd period - Shot Misses the Net.
11:59 of 2nd period - John Gaudreau is hit by Gabriel Landeskog and loses puck.
12:45 of 2nd period - Andrej Sekera is hit by Gabriel Landeskog and loses puck.
13:04 of 2nd period - Shot by Patric Hornqvist.
13:04 of 2nd period - Stopped by Cam Ward without a rebound.
13:05 of 2nd period - Aleksander Barkov wins face-off versus Nick Spaling in Oilers zone.
13:05 of 2nd period - Aleksander Barkov is hit by Jason Chimera.
13:13 of 2nd period - Shot by Jason Chimera.
13:13 of 2nd period - Deflect By Teddy Purcell.
13:13 of 2nd period - Shot Blocked by Brian Campbell.
13:41 of 2nd period - Shot by Aleksander Barkov.
13:41 of 2nd period - Shot Blocked by Jason Chimera.
14:21 of 2nd period - Shot by Tyler Bozak.
14:21 of 2nd period - Stopped by Jaroslav Halak with a rebound.
14:23 of 2nd period - Shot by Scottie Upshall.
14:23 of 2nd period - Stopped by Jaroslav Halak without a rebound.
14:24 of 2nd period - Bo Horvat wins face-off versus Tobias Rieder in Lightning zone.
14:25 of 2nd period - Shot by Jeff Schultz.
14:25 of 2nd period - Stopped by Jaroslav Halak without a rebound.
14:26 of 2nd period - Henrik Sedin wins face-off versus Ryan Kesler in Lightning zone.
15:37 of 2nd period - Shot by John Gaudreau.
15:37 of 2nd period - Shot Misses the Net.
16:27 of 2nd period - Shot by Marc-Edouard Vlasic.
16:27 of 2nd period - Stopped by Jaroslav Halak without a rebound.
16:28 of 2nd period - Maxime Talbot wins face-off versus Bo Horvat in Lightning zone.
17:43 of 2nd period - Erik Gudbranson is hit by Brad Stuart and loses puck.
18:51 of 2nd period - Shot by Kyle Okposo.
18:51 of 2nd period - Stopped by Cam Ward without a rebound.
18:52 of 2nd period - Nick Spaling wins face-off versus Tyler Bozak in Oilers zone.
19:10 of 2nd period - Minor Penalty to Jason Chimera for Hooking.
19:11 of 2nd period - Henrik Sedin wins face-off versus Tyler Bozak in Lightning zone.
Goals for this period are 0 for Oilers vs 1 for Lightning.
Shots for this period are 7 for Oilers vs 5 for Lightning.

3rd period


0:01 of 3rd period - Ryan Kesler wins face-off versus Henrik Sedin in neutral zone.
1:06 of 3rd period - Shot by Marc-Edouard Vlasic.
1:06 of 3rd period - Stopped by Jaroslav Halak without a rebound.
1:07 of 3rd period - Tyler Bozak wins face-off versus Nick Spaling in Lightning zone.
1:32 of 3rd period - Minor Penalty to David Schlemko for Holding.
1:33 of 3rd period - Tyler Bozak wins face-off versus Henrik Sedin in Lightning zone.
1:34 of 3rd period - Shot by Mikkel Boedker.
1:34 of 3rd period - Shot Misses the Net.
2:04 of 3rd period - Shot by Henrik Sedin.
2:04 of 3rd period - Shot Blocked by Brian Campbell.
3:01 of 3rd period - Icing by Marc-Edouard Vlasic.
3:02 of 3rd period - Tyler Bozak wins face-off versus Maxime Talbot in Oilers zone.
3:18 of 3rd period - Icing by Marco Scandella.
3:19 of 3rd period - Ryan Kesler wins face-off versus Eric Fehr in Oilers zone.
3:23 of 3rd period - Marco Scandella is hit by Andrej Meszaros and loses puck.
3:48 of 3rd period - Shot by Aleksander Barkov.
3:48 of 3rd period - Stopped by Jaroslav Halak without a rebound.
3:49 of 3rd period - Bo Horvat wins face-off versus Nick Spaling in Lightning zone.
4:41 of 3rd period - Bo Horvat is hit by Andrej Sekera and loses puck.
5:40 of 3rd period - Off-side.
5:41 of 3rd period - John Gaudreau wins face-off versus Gabriel Landeskog in neutral zone.
6:13 of 3rd period - Shot by Kyle Okposo.
6:13 of 3rd period - Shot Blocked by Brian Campbell.
6:22 of 3rd period - Marc-Edouard Vlasic is hit by David Schlemko and loses puck.
7:01 of 3rd period - Tyler Bozak is hit by Erik Gudbranson and loses puck.
7:03 of 3rd period - Minor Penalty to Andrej Meszaros for Hooking.
7:04 of 3rd period - Tyler Bozak wins face-off versus Henrik Sedin in Lightning zone.
7:28 of 3rd period - Shot by Marco Scandella.
7:28 of 3rd period - Shot Misses the Net.
7:30 of 3rd period - Shot by Mikkel Boedker.
7:30 of 3rd period - Deflect By Tyler Bozak.
7:30 of 3rd period - Shot Blocked by Erik Gudbranson.
7:32 of 3rd period - Shot by Marco Scandella.
7:32 of 3rd period - Shot Blocked by Troy Brouwer.
7:50 of 3rd period - Icing by Justin Williams.
7:51 of 3rd period - Ryan Kesler wins face-off versus Henrik Sedin in Oilers zone.
8:09 of 3rd period - Justin Williams is hit by Andrej Sekera and loses puck.
8:17 of 3rd period - Icing by Marc-Edouard Vlasic.
8:18 of 3rd period - Henrik Sedin wins face-off versus Ryan Kesler in Oilers zone.
8:23 of 3rd period - Shot by Troy Brouwer.
8:23 of 3rd period - Shot Misses the Net.
9:07 of 3rd period - Icing by Kyle Quincey.
9:08 of 3rd period - Aleksander Barkov wins face-off versus Tobias Rieder in Oilers zone.
9:38 of 3rd period - Kyle Quincey is hit by Tobias Rieder and loses puck.
10:27 of 3rd period - Shot by Marco Scandella.
10:27 of 3rd period - Shot Misses the Net.
10:39 of 3rd period - Shot by Emerson Etem.
10:39 of 3rd period - Shot Blocked by Brad Hunt.
10:54 of 3rd period - Icing by Brian Campbell.
10:55 of 3rd period - Ryan Kesler wins face-off versus Henrik Sedin in Oilers zone.
10:55 of 3rd period - Ryan Kesler is hit by Patric Hornqvist.
11:15 of 3rd period - Shot by Gabriel Landeskog.
11:15 of 3rd period - Shot Misses the Net.
11:17 of 3rd period - Shot by Mikkel Boedker.
11:17 of 3rd period - Deflect By Gabriel Landeskog.
11:17 of 3rd period - Goal by Gabriel Landeskog - Oilers : 2 - Lightning : 3.
11:18 of 3rd period - Tyler Bozak wins face-off versus Maxime Talbot in neutral zone.
11:25 of 3rd period - Shot by Tyler Bozak.
11:25 of 3rd period - Shot Misses the Net.
12:27 of 3rd period - Shot by Mikkel Boedker.
12:27 of 3rd period - Stopped by Jaroslav Halak without a rebound.
12:28 of 3rd period - Radim Vrbata wins face-off versus Aleksander Barkov in Lightning zone.
12:30 of 3rd period - Icing by Patric Hornqvist.
12:31 of 3rd period - Henrik Sedin wins face-off versus Mikkel Boedker in Lightning zone.
12:31 of 3rd period - Henrik Sedin is hit by Gabriel Landeskog.
13:51 of 3rd period - Shot by David Schlemko.
13:51 of 3rd period - Shot Blocked by Brian Campbell.
14:12 of 3rd period - Minor Penalty to David Schlemko for Diving.
14:13 of 3rd period - Tyler Bozak wins face-off versus Henrik Sedin in Lightning zone.
14:20 of 3rd period - Shot by Marco Scandella.
14:20 of 3rd period - Stopped by Jaroslav Halak without a rebound.
14:21 of 3rd period - Ryan Kesler wins face-off versus Henrik Sedin in Lightning zone.
14:36 of 3rd period - Shot by Marco Scandella.
14:36 of 3rd period - Stopped by Jaroslav Halak with a rebound.
14:38 of 3rd period - Shot by Brad Stuart.
14:38 of 3rd period - Stopped by Jaroslav Halak with a rebound.
14:40 of 3rd period - Shot by Marco Scandella.
14:40 of 3rd period - Goal by Marco Scandella - Oilers : 3 - Lightning : 3.
14:41 of 3rd period - Tobias Rieder wins face-off versus Bo Horvat in neutral zone.
15:20 of 3rd period - Shot by Bo Horvat.
15:20 of 3rd period - Stopped by Jaroslav Halak without a rebound.
15:21 of 3rd period - Ryan Kesler wins face-off versus Maxime Talbot in Lightning zone.
15:23 of 3rd period - Double Minor Penalty to Andrej Sekera for High sticking.
15:24 of 3rd period - Henrik Sedin wins face-off versus Ryan Kesler in Lightning zone.
15:24 of 3rd period - Henrik Sedin is hit by Gabriel Landeskog.
15:49 of 3rd period - Shot by Justin Williams.
15:49 of 3rd period - Shot Misses the Net.
15:51 of 3rd period - Shot by Marco Scandella.
15:51 of 3rd period - Deflect By Ryan Kesler.
15:51 of 3rd period - Shot Misses the Net.
17:48 of 3rd period - Shot by Gabriel Landeskog.
17:48 of 3rd period - Shot Blocked by Brad Hunt.
18:17 of 3rd period - Shot by Aleksander Barkov.
18:17 of 3rd period - Stopped by Jaroslav Halak without a rebound.
18:18 of 3rd period - Ryan Kesler wins face-off versus Nick Spaling in Lightning zone.
18:19 of 3rd period - Shot by Gabriel Landeskog.
18:19 of 3rd period - Shot Misses the Net.
18:21 of 3rd period - Shot by Brad Stuart.
18:21 of 3rd period - Stopped by Jaroslav Halak without a rebound.
18:22 of 3rd period - Gabriel Landeskog wins face-off versus Nick Spaling in Lightning zone.
19:43 of 3rd period - Shot by John Gaudreau.
19:43 of 3rd period - Stopped by Cam Ward without a rebound.
19:44 of 3rd period - Nick Spaling wins face-off versus Bo Horvat in Oilers zone.
19:44 of 3rd period - Hampus Lindholm is hit by Marco Scandella and loses puck.
19:47 of 3rd period - Shot by Jason Chimera.
19:47 of 3rd period - Stopped by Cam Ward without a rebound.
19:48 of 3rd period - Bo Horvat wins face-off versus Tobias Rieder in Oilers zone.
Goals for this period are 2 for Oilers vs 0 for Lightning.
Shots for this period are 11 for Oilers vs 2 for Lightning.

Overtime #1


0:01 of 1st overtime period - Ryan Kesler wins face-off versus John Gaudreau in neutral zone.
0:16 of 1st overtime period - Shot by Gabriel Landeskog.
0:16 of 1st overtime period - Stopped by Jaroslav Halak with a rebound.
0:20 of 1st overtime period - Shot by Gabriel Landeskog.
0:20 of 1st overtime period - Stopped by Jaroslav Halak without a rebound.
0:21 of 1st overtime period - John Gaudreau wins face-off versus Ryan Kesler in Lightning zone.
0:28 of 1st overtime period - Gabriel Landeskog is hit by Eric Fehr and loses puck.
0:55 of 1st overtime period - Shot by John Gaudreau.
0:55 of 1st overtime period - Shot Misses the Net.
1:20 of 1st overtime period - Off-side.
1:21 of 1st overtime period - Ryan Kesler wins face-off versus Tobias Rieder in neutral zone.
1:47 of 1st overtime period - Shot by Hampus Lindholm.
1:47 of 1st overtime period - Stopped by Cam Ward with a rebound.
2:05 of 1st overtime period - Shot by Andrej Sekera.
2:05 of 1st overtime period - Stopped by Cam Ward with a rebound.
2:43 of 1st overtime period - Eric Fehr is hit by Jay Beagle and loses puck.
3:06 of 1st overtime period - Off-side.
3:07 of 1st overtime period - Tyler Bozak wins face-off versus John Gaudreau in neutral zone.
3:30 of 1st overtime period - Shot by Tyler Bozak.
3:30 of 1st overtime period - Shot Misses the Net.
3:32 of 1st overtime period - Shot by Marc-Edouard Vlasic.
3:32 of 1st overtime period - Shot Misses the Net.
3:34 of 1st overtime period - Shot by Marc-Edouard Vlasic.
3:34 of 1st overtime period - Deflect By Tyler Bozak.
3:34 of 1st overtime period - Stopped by Jaroslav Halak without a rebound.
3:35 of 1st overtime period - Henrik Sedin wins face-off versus Aleksander Barkov in Lightning zone.
4:29 of 1st overtime period - Shot by Gabriel Landeskog.
4:29 of 1st overtime period - Shot Misses the Net.
4:31 of 1st overtime period - Shot by Ryan Kesler.
4:31 of 1st overtime period - Shot Misses the Net.
Goals for this period are 0 for Oilers vs 0 for Lightning.
Shots for this period are 3 for Oilers vs 2 for Lightning.

ShootOut


5:00 of 1st overtime period - Penalty Shot by Ryan Kesler for Oilers.
5:00 of 1st overtime period - Stopped by Jaroslav Halak.
5:00 of 1st overtime period - Penalty Shot by Patric Hornqvist for Lightning.
5:00 of 1st overtime period - Stopped by Cam Ward.
5:00 of 1st overtime period - Penalty Shot by Gabriel Landeskog for Oilers.
5:00 of 1st overtime period - Goal by Gabriel Landeskog.
5:00 of 1st overtime period - Penalty Shot by Henrik Sedin for Lightning.
5:00 of 1st overtime period - Goal by Henrik Sedin.
5:00 of 1st overtime period - Penalty Shot by Tyler Bozak for Oilers.
5:00 of 1st overtime period - Stopped by Jaroslav Halak.
5:00 of 1st overtime period - Penalty Shot by John Gaudreau for Lightning.
5:00 of 1st overtime period - Stopped by Cam Ward.
5:00 of 1st overtime period - Penalty Shot by Mikkel Boedker for Oilers.
5:00 of 1st overtime period - Goal by Mikkel Boedker.
5:00 of 1st overtime period - Penalty Shot by Tobias Rieder for Lightning.
5:00 of 1st overtime period - Stopped by Cam Ward.